[Event "*** SCC Grand Prix: Titled Tuesday Blitz"]
[Site "Chess.com"]
[Date "2020.06.02"]
[Round "8"]
[White "kot60"]
[Black "CaspiIsrael"]
[Result "0-1"]
[WhiteElo "2442"]
[BlackElo "2589"]
[TimeControl "180+1"]
[EndTime "11:36:31 PDT"]
[Termination "CaspiIsrael won on time"]

1. e4 e5 2. Nc3 Nf6 3. f4 d5 4.
fxe5 Nxe4 5. Qf3 Nxc3 6. bxc3 Nc6 7. d4 Be6 8. Bd3 Qd7 9. Ne2 O-O-O 10. O-O Be7 11. Nf4 Bf5 12. Nxd5 Bxd3 13. Nxe7+ Qxe7 14. cxd3 Rhf8 15. a4 Qe6 16. Ba3 Ne7 17. Rab1 c6 18. Bd6 f6 19. c4 Rf7 20. a5 a6 21. Bxe7 Qxe7 22. Qf5+ Kb8 23. e6 Rff8 24. d5 cxd5 25. cxd5 Qc5+ 26. Kh1 Rxd5 27. e7 Re8 28. Qxh7 Rxe7 29. Qg8+ Ka7 30. Qh7 Qxa5 31. Qg6 Qd8 32. Rbd1 Red7 33. Rf3 Rd4 34. Qf5 R7d5 0-1

[Event "*** SCC Grand Prix: Titled Tuesday Blitz"]
[Site "Chess.com"]
[Date "2020.06.02"]
[Round "8"]
[White "Witik"]
[Black "LileKoridze"]
[Result "1-0"]
[WhiteElo "2539"]
[BlackElo "2304"]
[TimeControl "180+1"]
[EndTime "11:36:31 PDT"]
[Termination "Witik won on time"]

1. d4 Nf6 2. Bf4 d5 3. e3 Bg4 4. f3 Bh5 5. c4 c6 6. Nc3 e6 7.
Qb3 Qb6 8. c5 Qxb3 9. axb3 Nbd7 10. b4 b6 11. Ba6 bxc5 12. Bb7 Rd8 13. bxc5 e5 14. dxe5 Ng8 15. Bxc6 Bxc5 16. Nxd5 Ne7 17. Nxe7 Kxe7 18. Ne2 h6 19. Nd4 Nb8 20. Be4 g5 21. Bg3 Bxd4 22. exd4 Rxd4 23. Rxa7+ Ke6 24. O-O Nd7 25.
Rfa1 Nc5 26. Bc6 Rhd8 27. h3 Rd1+ 28. Rxd1 Rxd1+ 29. Kh2 Rd2 30. b4 Nd3 31. Rd7 Rd1 32. b5 Nb2 33. Rxd1 Nxd1 34. b6 1-0

[Event "*** SCC Grand Prix: Titled Tuesday Blitz"]
[Site "Chess.com"]
[Date "2020.06.02"]
[Round "8"]
[White "PavelShkapenko"]
[Black "Loiacono_Antonio"]
[Result "1-0"]
[WhiteElo "2626"]
[BlackElo "2409"]
[TimeControl "180+1"]
[EndTime "11:36:32 PDT"]
[Termination "PavelShkapenko won by resignation"]

1. e4 e5 2. Nf3 Nc6 3. g3 Nf6 4. d3 d5 5. exd5 Qxd5 6. Bg2 Bg4 7.
O-O Qd7 8. Re1 Bd6 9. Bg5 Qf5 10. Nbd2 O-O 11. Bxf6 Qxf6 12. h3 Bh5 13. Ne4 Qe7 14.
Qd2 Bb4 15. c3 Ba5 16. b4 Bb6 17. a4 a5 18. b5 Nd8 19. d4 Bxf3 20. Bxf3 exd4 21.
cxd4 Qd7 22. Rad1 Qxh3 23. Nc5 Bxc5 24. dxc5 Qf5 25. Qe3 Ne6 26. Bxb7 Rad8 27. Rxd8 Rxd8 28. Qe5 Qxe5 29. Rxe5 Rd1+ 30. Kg2 Rc1 31. b6 cxb6 32.
cxb6 Rb1 33. Rb5 Rxb5 34. axb5 Nc5 35. Bd5 Nd7 36. b7 Kf8 37. Kf3 Ke7 38. Ke3 Kd6 39.
Bxf7 Kc5 40. Kd3 Kxb5 41. Be8 Kb6 42. Bxd7 Kxb7 43. Kc4 Kc7 44. Bf5 h6 45. Bc2 Kd6 46.
Kd4 Ke6 1-0

[Event "*** SCC Grand Prix: Titled Tuesday Blitz"]
[Site "Chess.com"]
[Date "2020.06.02"]
[Round "8"]
[White "aNaartjieZA"]
[Black "AlexTriapishko"]
[Result "1-0"]
[WhiteElo "2590"]
[BlackElo "2695"]
[TimeControl "180+1"]
[EndTime "11:36:33 PDT"]
[Termination "aNaartjieZA won on time"]

1. e4 e5 2. Nf3 Nc6 3. Bc4 Nf6 4.
d3 h6 5. O-O d6 6. c3 g5 7. Ne1 Bg7 8. Nc2 O-O 9. Ne3 Ne7 10.
Bb3 c6 11. Nd2 d5 12. exd5 cxd5 13. d4 exd4 14. cxd4 Be6 15. Nf3 Ng6 16. Ne5 Kh7 17. Nxg6 fxg6 18. Bc2 Rc8 19. Bd2 Nh5 20. Bb4 Rf7 21.
Rc1 Nf4 22. g3 Nh3+ 23. Kg2 Qd7 24. Bc3 Nf4+ 25. Kg1 Nh3+ 26. Kg2 g4 27. Qd3 Rf6 28. f4 gxf3+ 29. Rxf3 Rcf8 30. Rxf6 Rxf6 31. Rf1 Qf7 32.
Rxf6 Qxf6 33. Qf1 Qe7 34. Qd3 Qf7 35. Qf1 Ng5 36. Qxf7 Nxf7 37. Bb3 Nd6 38. Bxd5 Bd7 39. Nc4 Nb5 40. Bxb7 Nxd4 41. Kf2 h5 42. Bd5 Bb5 43.
Nd6 Bd3 44. Ne8 1-0

[Event "*** SCC Grand Prix: Titled Tuesday Blitz"]
[Site "Chess.com"]
[Date "2020.06.02"]
[Round "8"]
[White "SoltaniciR"]
[Black "mjray79"]
[Result "1-0"]
[WhiteElo "2446"]
[BlackElo "2305"]
[TimeControl "180+1"]
[EndTime "11:36:34 PDT"]
[Termination "SoltaniciR won by resignation"]

1. e4 e5 2. Nf3 Nc6 3. Bb5 a6 4. Ba4 Nf6 5. O-O Be7 6. Re1 O-O 7. Bxc6 dxc6 8. Nxe5 Bc5 9. d3 Qd4 10. Be3 Qxe5 11. d4 Qxe4 12. Nc3 Qg6 13. dxc5 Bh3 14. Qf3 Bg4 15. Qg3 Qxc2 16. Bd4 Qg6 17. Bxf6 gxf6 18. Qxc7 Bh3 19. Qg3 Qxg3 20. hxg3 Be6 21. Rad1 Rfd8 22. f3 Kf8 23. Kf2 Ke7 24. Ke3 f5 25.
Rxd8 Rxd8 26. Rh1 Rh8 27. a3 Kf6 28. Kf4 h5 29. Rd1 h4 30. Rd4 hxg3 31. Kxg3 Ke5 32. Ne2 Rg8+ 33. Kf2 Bd5 34. Rb4 Rb8 35. Ke3 Rg8 36.
Nf4 Rb8 37. a4 a5 38. Rb6 Be6 39. b4 axb4 40. Rxb4 Ra8 41. Nd3+ Kd5 42. Rxb7 Rxa4 43. Rb8 Kc4 44. Nb2+ 1-0

[Event "*** SCC Grand Prix: Titled Tuesday Blitz"]
[Site "Chess.com"]
[Date "2020.06.02"]
[Round "8"]
[White "TokChess"]
[Black "bait_or_mate"]
[Result "0-1"]
[WhiteElo "2365"]
[BlackElo "2546"]
[TimeControl "180+1"]
[EndTime "11:36:35 PDT"]
[Termination "bait_or_mate won by resignation"]

1. Nf3 d5 2. g3 c6 3. Bg2 Bg4 4. O-O Nd7 5. d4 Ngf6 6. Nbd2 e6 7. Re1 Bd6 8. e4 dxe4 9. Nxe4 Nxe4 10.
Rxe4 Nf6 11. Re1 O-O 12. c3 c5 13. Qb3 Qe7 14. Ne5 cxd4 15. cxd4 Rab8 16. Bg5 Bf5 17. d5 h6 18. Bxf6 gxf6 19. Nc4 e5 20. Qf3 Bg6 21.
Ne3 e4 22. Qe2 f5 23. Nc4 Bc5 24. Qd2 Bb4 25. Qxh6 Bxe1 26. Rxe1 Qb4 27. Rc1 Rbc8 28.
b3 b5 29. Ne5 Qd6 30. Nc6 Rc7 31. Qg5 Kg7 32. Qd2 Rd7 33. Rd1 Rc8 34. f3 Rxc6 35. dxc6 Qxd2 36. Rxd2 Rxd2 37. c7 Rc2 0-1

[Event "*** SCC Grand Prix: Titled Tuesday Blitz"]
[Site "Chess.com"]
[Date "2020.06.02"]
[Round "8"]
[White "lelajavakhishvili"]
[Black "dpopadic"]
[Result "1/2-1/2"]
[WhiteElo "2477"]
[BlackElo "2340"]
[TimeControl "180+1"]
[EndTime "11:36:35 PDT"]
[Termination "Game drawn by repetition"]

1. d4 Nf6 2. c4 g6 3. Nf3 Bg7 4. Nc3 d6 5. e4 O-O 6. Be2 e5 7. Be3 Na6 8. O-O Ng4 9. Bg5 Qe8 10. dxe5 dxe5 11. h3 f6 12. Bd2 Nh6 13. Be3 c6 14.
b4 Qe7 15. a3 Nf7 16. Qc2 Be6 17. Rfd1 Nc7 18. c5 Rfd8 19. Nd2 Bh6 20. Bxh6 Nxh6 21.
Nc4 Nf7 22. Na5 Ne8 23. Rxd8 Rxd8 24. Rd1 Rxd1+ 25. Nxd1 Kg7 26. Ne3 Bc8 27. a4 Nc7 28. b5 Nd8 29. b6 axb6 30. cxb6 Na8 31. Nec4 Qc5 32. Qb2 Be6 33. h4 Nf7 34. Nb3 Qb4 35.
Qc2 Nxb6 36. Nxb6 Bxb3 37. Qb2 Qxb6 38. Bc4 Nd6 39. Bxb3 Nxe4 40. Qc2 Nc5 41. Ba2 Qb4 42.
h5 Nxa4 43. Qd3 Qd4 44. Qb3 Nc5 45. Qf7+ Kh6 46. Qxf6 Qd1+ 47. Kh2 Qxh5+ 48. Kg1 Qd1+ 49. Kh2 Qh5+ 50. Kg1 Qf5 51. Qh4+ Qh5 52. Qf6 1/2-1/2

[Event "*** SCC Grand Prix: Titled Tuesday Blitz"]
[Site "Chess.com"]
[Date "2020.06.02"]
[Round "8"]
[White "JesseKraai"]
[Black "Dmitry_Konenkin"]
[Result "1-0"]
[WhiteElo "2441"]
[BlackElo "2289"]
[TimeControl "180+1"]
[EndTime "11:36:35 PDT"]
[Termination "JesseKraai won on time"]

1. d4 d6 2. e4 Nf6 3. Nc3 e5 4. dxe5 dxe5 5. Qxd8+ Kxd8 6. Nf3 Bd6 7. Bg5 Be6 8.
O-O-O Nd7 9. Nd5 Bxd5 10. exd5 h6 11. Bh4 g5 12. Bg3 Nh5 13. Bd3 Ke7 14. Rhe1 f6 15. Nd4 Nc5 16. Bc4 Kf7 17. Nf5 Ng7 18. Nxd6+ cxd6 19.
f3 Rhc8 20. Bf2 a6 21. Bf1 b5 22.
Kb1 Nf5 23. a3 Ne7 24. c3 Rab8 25. Ka2 a5 26. h4 b4 27. cxb4 axb4 28. Rc1 bxa3 29.
bxa3 Ra8 30. Bxc5 dxc5 31. Red1 Nf5 32. d6 Nd4 33. Bc4+ Ke8 34. Rb1 Kd7 35. Rb6 Rc6 36. Rb7+ Kxd6 37. Rf7 1-0

[Event "*** SCC Grand Prix: Titled Tuesday Blitz"]
[Site "Chess.com"]
[Date "2020.06.02"]
[Round "8"]
[White "RobertoJBM"]
[Black "Koalaskakistis"]
[Result "1-0"]
[WhiteElo "2637"]
[BlackElo "2422"]
[TimeControl "180+1"]
[EndTime "11:36:36 PDT"]
[Termination "RobertoJBM won on time"]

1. d4 f5 2. g3 Nf6 3. Bg2 d6 4. Nf3 e6 5. O-O Be7 6. c4 O-O 7. Nc3 Ne4 8. Nxe4 fxe4 9. Nd2 d5 10. f3 e3 11. Nb1 c5 12. cxd5 cxd4 13. Qxd4 Nc6 14.
Qxe3 exd5 15. Qd2 d4 16. e4 Be6 17. f4 Bc4 18. Rd1 Bb4 19. Qf2 Bc5 20. Nd2 Be2 21. Re1 Qb6 22. Nb3 Bc4 23. Nxc5 Qxc5 24. b3 Bd3 25. Bb2 g5 26. Red1 Qb5 27. Bxd4 Nxd4 28. Qxd4 Rad8 29. Qe3 gxf4 30. gxf4 Bc2 31. Rxd8 Rxd8 32.
Bf1 Qb4 33. Bc4+ Kh8 34. Rc1 Rd2 35. a3 Qd6 36. Qc3+ Rd4 37. Rxc2 Qg6+ 38. Rg2 1-0

[Event "*** SCC Grand Prix: Titled Tuesday Blitz"]
[Site "Chess.com"]
[Date "2020.06.02"]
[Round "8"]
[White "MYMChessAcademy"]
[Black "GMJustin"]
[Result "0-1"]
[WhiteElo "2417"]
[BlackElo "2293"]
[TimeControl "180+1"]
[EndTime "11:36:37 PDT"]
[Termination "GMJustin won on time"]

1. e4 e5 2. Nf3 Nc6 3. Bc4 Nf6 4. d4 exd4 5. O-O Nxe4 6. Re1 d5 7. Bxd5 Qxd5 8. Nc3 Qd7 9. Nxe4 Be7 10. Bg5 O-O 11. Bxe7 Qxe7 12. Nxd4 Bd7 13. Qd3 Rad8 14. c3 Rfe8 15.
f3 Nxd4 16. cxd4 Bc6 17. Nc3 Qb4 18. Rxe8+ Rxe8 19. d5 Bd7 20. Qd2 Qc5+ 21. Qf2 Qxf2+ 22. Kxf2 f5 23. f4 Kf7 24. Re1 Rxe1 25. Kxe1 Ke7 26. Kd2 Kd6 27. Kd3 Kc5 28. a3 a5 29. b3 b5 30. Ne2 Kxd5 31. Nc3+ Kc5 32. Na2 Be6 33. b4+ Kb6 34. Nc3 c5 35. bxc5+ Kxc5 36. Nd1 b4 37. axb4+ axb4 38. Ne3 g6 39. g3 h5 40. h4 b3 0-1

[Event "*** SCC Grand Prix: Titled Tuesday Blitz"]
[Site "Chess.com"]
[Date "2020.06.02"]
[Round "8"]
[White "UCantHandleDenker"]
[Black "gahryman"]
[Result "0-1"]
[WhiteElo "2491"]
[BlackElo "2694"]
[TimeControl "180+1"]
[EndTime "11:36:38 PDT"]
[Termination "gahryman won on time"]

1. Nf3 Nf6 2. g3 g6 3. Bg2 Bg7 4. O-O O-O 5. d3 d6 6. Nbd2 e5 7. e4 Nc6 8. c3 h6 9. b4 Nh7 10.
Re1 f5 11. exf5 gxf5 12. Nh4 Ne7 13. c4 Bf6 14. Qh5 Qe8 15. Qxh6 Bg5 16. Ndf3 Bxh6 17.
Bxh6 Rf6 18. Bd2 f4 19. gxf4 Qh5 20. fxe5 Rxf3 21. Nxf3 Bh3 22. Bxh3 Qxh3 23. exd6 Nf5 24. d7 Qg4+ 25. Kf1 Qxf3 26. Re8+ Nf8 27. Rxa8 Qxd3+ 28. Kg1 Qxd7 29. Bf4 Nd4 30. Bg3 Kf7 31. Kf1 Qc6 32. Kg1 Nf3+ 33. Kf1 Qxc4+ 34. Kg2 Qe4 35.
Kf1 Nd2+ 36. Kg1 Ne6 37. Rd1 Nd4 0-1

[Event "*** SCC Grand Prix: Titled Tuesday Blitz"]
[Site "Chess.com"]
[Date "2020.06.02"]
[Round "8"]
[White "Girkassa"]
[Black "Parkas"]
[Result "1-0"]
[WhiteElo "2531"]
[BlackElo "2327"]
[TimeControl "180+1"]
[EndTime "11:36:38 PDT"]
[Termination "Girkassa won by resignation"]

1. d4 g6 2. e4 Bg7 3. c4 e6 4. Nf3 Ne7 5. Nc3 d5 6. cxd5 exd5 7. e5 Bg4 8. Be2 O-O 9. Bg5 c6 10. O-O Nd7 11. Qd2 f6 12. exf6 Nxf6 13. Ne5 Bxe2 14. Qxe2 Nf5 15. Rad1 Qd6 16. Rfe1 Rae8 17. Qd3 Nd7 18. Nf3 Qb4 19. Re2 Nxd4 20. Nxd4 Qxd4 21. Qxd4 Bxd4 22. Rxd4 Rxe2 23. Nxe2 Re8 24. Kf1 Nc5 25.
Be3 Kg7 26. Rd1 Ne4 27. Bxa7 Kf6 28. Bd4+ Kf5 29. Ng3+ Nxg3+ 30. hxg3 Ra8 31. a3 Ra4 32.
Bc3 b6 33. Rd4 Rxd4 34. Bxd4 c5 35. Bg7 Ke4 36. Ke2 d4 37. b3 b5 38. a4 c4 39.
axb5 c3 40. b6 d3+ 41. Kd1 d2 42. Bxc3 1-0

[Event "*** SCC Grand Prix: Titled Tuesday Blitz"]
[Site "Chess.com"]
[Date "2020.06.02"]
[Round "8"]
[White "Stronger1799"]
[Black "tan275"]
[Result "0-1"]
[WhiteElo "2328"]
[BlackElo "2202"]
[TimeControl "180+1"]
[EndTime "11:36:38 PDT"]
[Termination "tan275 won on time"]

1. e4 c6 2. d4 d5 3. e5 Bf5 4. h4 h5 5. c4 e6 6. Nc3 Ne7 7. Bg5 Qb6 8. Qd2 Nd7 9. c5 Qc7 10. Nge2 Ng6 11. Ng3 Ne7 12. b4 a6 13. a4 Bg6 14. Ra2 f6 15. exf6 gxf6 16. Be3 Kf7 17.
Be2 Nf5 18. Nxf5 Bxf5 19. b5 axb5 20. axb5 Be7 21. b6 Rxa2 22. bxc7 Rxd2 23. Bxh5+ Kg7 24. Kxd2 Rc8 25. Be2 Rxc7 26. g4 Bh7 27. Ra1 b6 28. cxb6 Nxb6 29. Ra6 Nd7 30. h5 Kf7 31. Bd1 c5 32. Ba4 cxd4 33. Bxd4 e5 34. Nxd5 Rc4 35.
Bc3 Nc5 36. Rc6 Ne4+ 0-1

[Event "*** SCC Grand Prix: Titled Tuesday Blitz"]
[Site "Chess.com"]
[Date "2020.06.02"]
[Round "8"]
[White "profofchess"]
[Black "Tormoz"]
[Result "0-1"]
[WhiteElo "2455"]
[BlackElo "2644"]
[TimeControl "180+1"]
[EndTime "11:36:39 PDT"]
[Termination "Tormoz won on time"]

1. e4 c6 2. Nc3 d5 3. Nf3 Bg4 4. d4 e6 5. h3 Bh5 6. Bd3 Nf6 7. e5 Nfd7 8. g4 Bg6 9. Bxg6 hxg6 10. Ne2 c5 11. c3 Nc6 12. Kf1 Rc8 13. a3 Qb6 14.
Kg2 cxd4 15. cxd4 Na5 16. b4 Nc4 17. Nf4 Be7 18. h4 Qc6 19. h5 g5 20. Nd3 f6 21.
exf6 gxf6 22. Re1 b6 23. Qe2 Nf8 24. Kg1 Qa4 25. Qd1 Qxd1 26. Rxd1 Nd7 27. Re1 Kf7 28. a4 a6 29. Kg2 Nb8 30. b5 Nd7 31. bxa6 Ra8 32. Nb2 Nd6 33. Bd2 Rxa6 34. a5 Rha8 35.
h6 Ne4 36. Nd3 bxa5 37. Rh1 Kg6 38. h7 Rh8 39. Rxa5 Rxa5 40. Bxa5 Rxh7 41. Rxh7 Kxh7 42.
Nd2 Nxd2 43. Bxd2 Bd6 44. Kf3 Kg6 45. Ke3 Nb6 46. Ke2 Nc4 47. Bc1 Bc7 48. f4 Bb6 0-1

[Event "*** SCC Grand Prix: Titled Tuesday Blitz"]
[Site "Chess.com"]
[Date "2020.06.02"]
[Round "8"]
[White "Kavyev_Ruslan"]
[Black "Barmen_EV"]
[Result "0-1"]
[WhiteElo "2530"]
[BlackElo "2410"]
[TimeControl "180+1"]
[EndTime "11:36:39 PDT"]
[Termination "Barmen_EV won by checkmate"]

1. d3 d5 2. Nf3 Nf6 3. g3 c5 4. Bg2 Nc6 5. O-O e5 6. e4 d4 7.
a4 Bd6 8. Na3 O-O 9. Nc4 Bc7 10.
Nh4 Be6 11. b3 a6 12. Bd2 b5 13. Na3 Rb8 14. Nf5 Re8 15. Bg5 h6 16. Bd2 Ne7 17.
Nxh6+ gxh6 18. Bxh6 Ng6 19. h3 Nh7 20. f4 exf4 21.
gxf4 Qh4 22. f5 Qxh6 23. fxe6 fxe6 24. axb5 axb5 25. Qf3 Ng5 26. Qg4 Ne5 27. Qe2 Nxh3+ 28. Bxh3 Qxh3 29. Rf2 Ng4 30. Rg2 Bg3 31. Rf1 Rf8 32.
Nxb5 Rxf1+ 33. Qxf1 Rf8 34. Qe2 Bh2+ 35. Rxh2 Rf1+ 36.
Qxf1 Qxh2# 0-1

[Event "*** SCC Grand Prix: Titled Tuesday Blitz"]
[Site "Chess.com"]
[Date "2020.06.02"]
[Round "8"]
[White "djano"]
[Black "tylityli"]
[Result "1-0"]
[WhiteElo "2418"]
[BlackElo "2275"]
[TimeControl "180+1"]
[EndTime "11:36:39 PDT"]
[Termination "djano won by checkmate"]

1. d4 Nf6 2. Nf3 d5 3. Bf4 c5 4. e3 Nc6 5. Nbd2 Qb6 6. dxc5 Qxc5 7. a3 Bf5 8. Rc1 e6 9. c4 Qb6 10. b4 dxc4 11. Nxc4 Qd8 12. Qa4 Nd5 13. b5 Nb8 14.
Bg3 Nd7 15. Be2 N7b6 16. Qb3 Nxc4 17. Bxc4 Bd6 18. Bxd5 exd5 19. O-O Bxg3 20. hxg3 O-O 21. Rfd1 Be4 22. Nd4 Qg5 23. Rc7 b6 24. Rdc1 h5 25. Qb4 h4 26. Qd6 hxg3 27. Qxg3 Qxg3 28. fxg3 a6 29.
a4 axb5 30. axb5 Ra2 31. Nf3 Re8 32. Rc8 Rxc8 33. Rxc8+ Kh7 34. Rb8 Ra1+ 35. Kf2 Ra2+ 36. Kg1 Ra1+ 37. Kh2 Ra2 38. Kh3 Re2 39. Rxb6 Rxe3 40.
Ng5+ Kg8 41. Rb8# 1-0

[Event "*** SCC Grand Prix: Titled Tuesday Blitz"]
[Site "Chess.com"]
[Date "2020.06.02"]
[Round "8"]
[White "Rakesh"]
[Black "Funo09"]
[Result "1-0"]
[WhiteElo "2403"]
[BlackElo "2778"]
[TimeControl "180+1"]
[EndTime "11:36:41 PDT"]
[Termination "Rakesh won by resignation"]

1. e4 c5 2. c3 Nf6 3. e5 Nd5 4. d4 cxd4 5. Nf3 g6 6. cxd4 Bg7 7. Bc4 Nb6 8. Bb3 O-O 9. O-O d6 10. h3 Nc6 11. Qe2 dxe5 12. dxe5 Nd4 13. Nxd4 Qxd4 14. Re1 Bf5 15. Nc3 Rac8 16. Be3 Qb4 17. Rad1 h5 18. Rd4 Qa5 19. Bg5 Rfe8 20. Rf4 Rc6 21. Rxf5 gxf5 22.
Qxh5 Nc4 23. e6 Rf8 24. Bxe7 fxe6 25. Bxf8 Kxf8 26. Bxc4 Rxc4 27. Rxe6 Rc8 28. Qg5 Qc5 29. h4 Bd4 30. h5 Bxf2+ 31. Kh1 Bd4 32. h6 f4 33. Qg6 f3 34. gxf3 Qc4 35. Qf5+ Kg8 36. Rg6+ Kh8 37. Kg2 Re8 38. Ne4 Qc1 39. Kh3 Qh1+ 40.
Kg4 Qg2+ 41. Kf4 Be5+ 42. Qxe5+ Rxe5 43. Rxg2 Re7 44. Ng5 b6 45. Rd2 Re8 46. Rd6 Rf8+ 47. Kg4 Re8 48. Rd7 Kg8 49. Kh5 Kh8 50. Kg6 Re6+ 51.
Nxe6 1-0

[Event "*** SCC Grand Prix: Titled Tuesday Blitz"]
[Site "Chess.com"]
[Date "2020.06.02"]
[Round "8"]
[White "Gajuchess"]
[Black "Arkady_Gitelson"]
[Result "1-0"]
[WhiteElo "2755"]
[BlackElo "2482"]
[TimeControl "180+1"]
[EndTime "11:36:41 PDT"]
[Termination "Gajuchess won on time"]

1. Nf3 g6 2. e4 Bg7 3. d4 d6 4. Nc3 Nc6 5. h3 e5 6. d5 Nd4 7. Nxd4 exd4 8. Nb5 c5 9. dxc6 bxc6 10. Nxd4 Qa5+ 11.
c3 Ne7 12. Be2 O-O 13. O-O c5 14. Nc2 Rd8 15. Bg5 f6 16. Bf4 d5 17. exd5 Nxd5 18.
Bc4 Be6 19. Bg3 Kh8 20. Qe2 Qb6 21. Rad1 Re8 22. Rfe1 Bf7 23. Qf3 Qxb2 24. Ne3 Nxe3 25. Bxf7 Nxd1 26. Bxe8 Rd8 27. Bc7 Rd3 28. Qxd3 Qxf2+ 29. Kh2 Qxe1 30. Ba4 Qe7 31. Bd6 Nf2 32. Qd5 Qd8 33.
Bd7 f5 34. Bxc5 Ne4 35. Bd4 Qc7+ 36. Kg1 Nxc3 37. Qa8+ 1-0

[Event "*** SCC Grand Prix: Titled Tuesday Blitz"]
[Site "Chess.com"]
[Date "2020.06.02"]
[Round "8"]
[White "hellokostya"]
[Black "Ginger_GM"]
[Result "0-1"]
[WhiteElo "2444"]
[BlackElo "2597"]
[TimeControl "180+1"]
[EndTime "11:36:41 PDT"]
[Termination "Ginger_GM won on time"]

1. d4 Nf6 2. c4 e5 3. dxe5 Ne4 4. Nf3 Bc5 5. e3 d6 6. Nbd2 Nxd2 7. Bxd2 dxe5 8. b4 Be7 9. Bc3 f6 10. Qb3 Qd7 11. c5 a5 12. Rd1 Qg4 13. h3 Qh5 14. a3 axb4 15. axb4 e4 16. Nd4 Nc6 17. Nb5 Bd8 18. Be2 Qg6 19. g3 h5 20. h4 Bg4 21. Bxg4 Qxg4 22. Qd5 Ne7 23. Qxb7 Ra2 24. O-O O-O 25. Nxc7 Nf5 26. Qd5+ Kh8 27. Qxa2 Bxc7 28. Rd2 Nxh4 29. Rfd1 Qh3 30. f4 Qxg3+ 31. Kh1 Qxe3 32. Rf1 Bxf4 33. Qe6 Nf3 34. Rdf2 Bh6 35. Qe7 Rg8 36. Bb2 Qf4 37. Qe6 Qh4+ 38. Kg2 Ng5 0-1

[Event "*** SCC Grand Prix: Titled Tuesday Blitz"]
[Site "Chess.com"]
[Date "2020.06.02"]
[Round "8"]
[White "m_ezat"]
[Black "MathiasWomacka"]
[Result "1-0"]
[WhiteElo "2546"]
[BlackElo "2387"]
[TimeControl "180+1"]
[EndTime "11:36:41 PDT"]
[Termination "m_ezat won on time"]

1. d4 Nf6 2. c4 e6 3. Nc3 Bb4 4. e3 c5 5. a3 Bxc3+ 6. bxc3 O-O 7. Bd3 b6 8. Ne2 Ba6 9. O-O Nc6 10. e4 Ne8 11.
Ng3 cxd4 12. cxd4 Nxd4 13. e5 f5 14. exf6 Nxf6 15. Bg5 h6 16. Be3 e5 17. Bxd4 exd4 18. Nf5 d5 19. cxd5 Bxd3 20. Qxd3 Nxd5 21. Rfe1 Nf4 22.
Qe4 Qg5 23. Ng3 Rad8 24. Rac1 h5 25. h4 Qxh4 26. Rc7 Qg5 27. Kh2 h4 28. Ne2 Nxg2 29. f4 Nxf4 30. Rg1 Qf6 31. Rgxg7+ Qxg7 32. Rxg7+ Kxg7 33. Nxf4 1-0

[Event "*** SCC Grand Prix: Titled Tuesday Blitz"]
[Site "Chess.com"]
[Date "2020.06.02"]
[Round "8"]
[White "Unknown_IM"]
[Black "Sanroto99"]
[Result "0-1"]
[WhiteElo "2476"]
[BlackElo "2323"]
[TimeControl "180+1"]
[EndTime "11:36:41 PDT"]
[Termination "Sanroto99 won by resignation"]

1. d4 d5 2. c4 c6 3. Nc3 Nf6 4.
Nf3 e6 5. Bg5 Nbd7 6. e3 Qa5 7.
Nd2 dxc4 8. Bxf6 Nxf6 9. Nxc4 Qc7 10. Be2 Be7 11. O-O O-O 12. Rc1 a6 13. a4 b5 14.
axb5 cxb5 15. Ne5 Qb6 16. Nc6 Bd6 17. Bf3 Bb7 18. d5 exd5 19. Nxd5 Nxd5 20. Qxd5 Rad8 21. Qh5 Rc8 22. Rfd1 Bxc6 23. Bg4 Rcd8 24. h3 Be4 25. Be2 Bg6 26. Qg4 Be7 27. Qf3 Rxd1+ 28. Bxd1 Rd8 29. Rc6 Rxd1+ 30. Kh2 Qb8+ 31. g3 Rd8 32. Rxa6 Bf6 33. h4 h5 34. Rc6 Qa8 35. Rxf6 gxf6 36. Qxf6 Qd5 0-1

[Event "*** SCC Grand Prix: Titled Tuesday Blitz"]
[Site "Chess.com"]
[Date "2020.06.02"]
[Round "8"]
[White "Ba_clbaf_osed_ingo_3v21"]
[Black "LuckSlayeer"]
[Result "1/2-1/2"]
[WhiteElo "2635"]
[BlackElo "2464"]
[TimeControl "180+1"]
[EndTime "11:36:42 PDT"]
[Termination "Game drawn by repetition"]

1. d4 Nf6 2. c4 e6 3. Nf3 Bb4+ 4. Nbd2 O-O 5. a3 Be7 6. e4 d5 7. e5 Nfd7 8. Bd3 c5 9. h4 h6 10. Bb1 f5 11. exf6 Nxf6 12. Qc2 Nc6 13. dxc5 dxc4 14. Nxc4 Nd4 15. Nxd4 Qxd4 16. Be3 Qd5 17. O-O Bxc5 18.
b4 Bxe3 19. Nxe3 Qh5 20. g3 Bd7 21. Qg6 Qf3 22. Ba2 Bc6 23. Bxe6+ Kh8 24. Kh2 Rae8 25. Qf5 Rxe6 26. Qxe6 Re8 27. Qf5 Rxe3 28. Qxf3 Rxf3 29. Kg1 Rc3 30. a4 a6 31. Rfb1 b5 32. axb5 Bxb5 33. Rd1 Kh7 34. Rd4 Kg6 35. Re1 Nd7 36.
Rd6+ Kh7 37. Re7 Rc1+ 38. Kh2 Nf6 39. Rxf6 Rb1 40. Rf4 Bc6 41. f3 Bb5 42. Rg4 Rb2+ 43. Kg1 Rb1+ 44. Kf2 Rb2+ 45. Kg1 Rb1+ 46. Kg2 Rb2+ 47.
Kh1 Rb1+ 48. Kh2 Rb2+ 49. Kg1 1/2-1/2

[Event "*** SCC Grand Prix: Titled Tuesday Blitz"]
[Site "Chess.com"]
[Date "2020.06.02"]
[Round "8"]
[White "ural58"]
[Black "anon569"]
[Result "1-0"]
[WhiteElo "2440"]
[BlackElo "2275"]
[TimeControl "180+1"]
[EndTime "11:36:42 PDT"]
[Termination "ural58 won by resignation"]

1. e4 c5 2. b3 Nc6 3. Bb2 d6 4. f4 Nf6 5. Qf3 e6 6. Nc3 Be7 7. O-O-O Bd7 8. g4 Nd4 9. Qg2 Bc6 10. g5 Nd7 11. Nce2 Qa5 12. Kb1 e5 13. h4 b5 14. c3 Ne6 15. f5 Nc7 16. f6 gxf6 17.
Nf3 f5 18. exf5 e4 19. Nh2 Ne5 20. Nf4 e3 21. Qg1 Bxh1 22. Qxh1 exd2 23. f6 Bf8 24. Bh3 Qb6 25. Rxd2 c4 26. Nf3 Qc6 27. Bg2 cxb3 28.
Nxe5 bxa2+ 29. Ka1 Qa6 30. Bc6+ Kd8 31. Nxf7+ Kc8 32.
Qh3+ Kb8 33. Nxh8 Qc8 34. Qxc8+ 1-0

[Event "*** SCC Grand Prix: Titled Tuesday Blitz"]
[Site "Chess.com"]
[Date "2020.06.02"]
[Round "8"]
[White "Balla_Tamas"]
[Black "Jenia84"]
[Result "1-0"]
[WhiteElo "2482"]
[BlackElo "2242"]
[TimeControl "180+1"]
[EndTime "11:36:43 PDT"]
[Termination "Balla_Tamas won by resignation"]

1. e4 e5 2. Nf3 Nc6 3. d4 exd4 4. Nxd4 Nf6 5. Nxc6 bxc6 6. e5 Qe7 7. Qe2 Nd5 8.
c4 Nb6 9. Nd2 d6 10. exd6 Qxe2+ 11. Bxe2 cxd6 12. Bf3 Bd7 13. b3 d5 14. cxd5 Nxd5 15.
O-O Bb4 16. Nc4 O-O 17. Bb2 Bf5 18. Rac1 Rac8 19. Rfd1 Rfd8 20. Ne5 Ne7 21. Rxd8+ Rxd8 22. g4 Be6 23. Rc2 c5 24. Bc3 f6 25. Bxb4 cxb4 26. Nc4 Rc8 27. Re2 Bxc4 28. Rxe7 Bf7 29. Rxa7 g5 30. Ra4 Rc2 31. Be4 Rb2 32. Ra7 h6 33. Kg2 Re2 34. Kf3 Rb2 35. Ke3 Be6 36. h3 Bf7 37. Ra4 Kg7 38. f3 h5 39. Kd4 hxg4 40. hxg4 Be6 41. Kc5 f5 42. gxf5 Bd7 43. Ra7 1-0

[Event "*** SCC Grand Prix: Titled Tuesday Blitz"]
[Site "Chess.com"]
[Date "2020.06.02"]
[Round "8"]
[White "pooh2012"]
[Black "shineatchess"]
[Result "1-0"]
[WhiteElo "2401"]
[BlackElo "2162"]
[TimeControl "180+1"]
[EndTime "11:36:43 PDT"]
[Termination "pooh2012 won on time"]

1. b3 e5 2. Bb2 Nc6 3. e3 Nf6 4. Nf3 d6 5. d4 e4 6. Nfd2 d5 7. Be2 Bd6 8. c4 Bf5 9. Nc3 Nb4 10. a3 Nd3+ 11. Bxd3 exd3 12. cxd5 Bg6 13. e4 Bf4 14. O-O O-O 15. Re1 Bh5 16. Nf3 d2 17. Rf1 Re8 18.
Qc2 Bxf3 19. gxf3 Ng4 20. fxg4 Qh4 21. Rfd1 Qxh2+ 22. Kf1 Qh3+ 23. Ke2 Qxg4+ 24. Kd3 Qf3+ 25. Kc4 b5+ 26. Nxb5 Rxe4 27. Qd3 Qg2 28. Rg1 Qxf2 29. Qxe4 d1=Q 30. Raxd1 Qxb2 31. Qxf4 Qc2+ 32. Nc3 1-0

[Event "*** SCC Grand Prix: Titled Tuesday Blitz"]
[Site "Chess.com"]
[Date "2020.06.02"]
[Round "8"]
[White "Grischuk"]
[Black "hanzo_hasashi1"]
[Result "0-1"]
[WhiteElo "3090"]
[BlackElo "2835"]
[TimeControl "180+1"]
[EndTime "11:36:44 PDT"]
[Termination "hanzo_hasashi1 won by resignation"]

1. Nf3 Nf6 2. c4 e6 3. g3 d5 4. Bg2 dxc4 5. O-O a6 6. Qc2 b5 7. Ne5 Nd5 8. d3 cxd3 9. Nxd3 Bb7 10. Nc3 Nd7 11. Nxd5 exd5 12. Rd1 c6 13. e4 d4 14.
e5 Be7 15. e6 fxe6 16. Nf4 e5 17. Ne6 Qb6 18. Nxg7+ Kd8 19. Nf5 c5 20. Nxe7 Kxe7 21. Bg5+ Kd6 22. f4 Bxg2 23. Qxg2 Qc6 24. Qe2 e4 25. b4 d3 26. bxc5+ Qxc5+ 27. Kh1 Qd5 28. Qe3 Rac8 29. Rac1 Rc4 30. g4 Rhc8 31. Rb1 Rc2 32.
f5 Rxa2 33. Re1 Rcc2 34. Bf4+ Kc6 35. Qxe4 Nf6 36. Qxd5+ Nxd5 37. Re6+ Kb7 38. Bg3 d2 39. Rg1 Rc1 0-1